 Dungeon Crawl Stone Soup version 0.28.0-53-g5a82cb258f (webtiles) character file.

Game seed: 17096832487494470825

3 Raiden350 the Caller (level 1, 0/7 HPs)
             Began as a Felid Summoner on July 17, 2022.
             Succumbed to an adder's poison
             ... on level 1 of the Dungeon.
             The game lasted 00:02:07 (185 turns).

Raiden350 the Caller (Felid Summoner)                Turns: 185, Time: 00:02:07

Health: 0/7        AC:  1    Str:  4    XL:     1   Next: 41%
Magic:  3/4        EV: 17    Int: 16    God:
Gold:   55         SH:  0    Dex: 16    Spells: 3/4 levels left
                                        Lives:  0   Deaths: 0

rFire   . . .      SeeInvis +   (weapon unavailable)
rCold   . . .      Faith    .   (shield unavailable)
rNeg    . . .      Spirit   .   (armour unavailable)
rPois   .          Reflect  .   (helmet unavailable)
rElec   .          Harm     .   (cloak unavailable)
rCorr   .          Rampage  .   (gloves unavailable)
Will    .....                   (boots unavailable)
Stlth   ++........              (no amulet)
HPRegen 0.02/turn               (no ring)
MPRegen 0.09/turn               (no ring)

@: lethally poisoned (0 -> -5), quick
A: very small, claws 1, fangs 3, see invisible, speed 1, shaggy fur 1, stealthy
paws, no weapons or thrown items, no armour, multi-lived
a: no special abilities


You were on level 1 of the Dungeon.
You visited 1 branch of the dungeon, and saw 2 of its levels.

You collected 55 gold pieces.

Inventory:

Scrolls
 a - a scroll of amnesia {unknown}
Potions
 b - a potion of curing {unknown}


   Skills:
 - Level 2.6 Dodging
 - Level 2.6 Stealth
 + Level 2.1 Spellcasting
 + Level 4.1 Summonings


You had 3 spell levels left.
You knew the following spells:

 Your Spells              Type           Power      Damage    Failure   Level
a - Summon Small Mammal   Summ           56%        N/A       3%          1

Your spell library contained the following spells:

 Spells                   Type           Power      Damage    Failure   Level
 Call Imp                 Summ           14%        N/A       6%          2
 Call Canine Familiar     Summ           14%        N/A       12%         3
 Summon Guardian Golem    Hex/Summ       8%         N/A       26%         3
 Summon Lightning Spire   Summ/Air       8%         N/A       65%         4


Dungeon Overview and Level Annotations

Branches:
Dungeon (2/15)

Altars:


Innate Abilities, Weirdness & Mutations

You have sharp claws.
You have razor-sharp teeth.
You have supernaturally acute eyesight. (SInv)
You cover ground quickly. (Speed+)
You are covered in fur. (AC +1)
Your paws help you pounce on unaware monsters.
You are incapable of wielding weapons or throwing items.
You cannot wear armour.
You gain extra lives every three experience levels.


Message History

Your quokka barely misses the adder.
The adder bites your quokka.
Your quokka bites the adder.
The adder misses your quokka.
Your quokka bites the adder.
The adder bites your quokka.
Your quokka closely misses the adder.
The adder bites your quokka.
Your quokka is poisoned.
The adder poisons your quokka!
Your quokka bites the adder but does no damage.
The adder bites your quokka.
Your quokka dies!
Your quokka's corpse disappears in a puff of smoke!
You swap places.
The adder bites your rat.
Your rat dies!
Your rat's corpse disappears in a puff of smoke!
You open the door.
There is an open door here.
There is an escape hatch in the ceiling here.
The adder bites you. The adder barely misses you.
A mysterious force pulls you upwards. The hatch slams shut behind you.
The adder bites you.
Found a stone staircase leading down.
There is a stone staircase leading down here.
The adder barely misses you.
You climb downwards.
There is a stone staircase leading up here.
The adder barely misses you. x2
You climb upwards.
There is a stone staircase leading down here.
The adder bites you.
You climb downwards.
There is a stone staircase leading up here.
The adder barely misses you.
You climb upwards.
There is a stone staircase leading down, spattered with blood here.
The adder barely misses you. The adder bites you.
* * * LOW HITPOINT WARNING * * *
You are lethally poisoned!
The adder poisons you!
You die...

#.# ##
##.### #.#
#.# #.#
#.###
#...##
###..##
##...####
###..@.b..+
#......####
#.##.S##
#.#...# #
#>#.#
#.....#
###.### #.#
#.#


You could see an adder (ally target) and a friendly bat (summoned).

Vanquished Creatures (collateral kills)
  A quokka (D:2)
  2 ball pythons (D:2)
  A bat (D:2)
4 creatures vanquished.

Notes
Turn   | Place    | Note
-------+----------+-------------------------------------------
     0 | D:1      | Raiden350 the Felid Summoner began the quest for the Orb.
     0 | D:1      | Reached XP level 1. HP: 7/7 MP: 4/4
    14 | D:1      | You fall into a shaft and drop 1 floor!
   185 | D:1      | Succumbed to an adder's poison

Illustrated notes

Levels and vault maps discovered:
D:1:      dpeg_arrival_round_c, layout_loops_corners,
          dreamdust_ecumenical_altar_angels_and_demons,
          chequers_serial_rivers_small_a
D:2:      layout_basic, amcnicky_mini_pool_small, minmay_box_of_dots,
          uniq_crazy_yiuf_cottage, uniq_robin

Action                   || total
-------------------------++-------
 Cast: Summon Small Mamm ||     9
Dodge: Dodged            ||     6
